[ AOE2 MATCH · #470480745 ]
UnrankedSpanish vs Saracens
[ REPLAY ANALYSIS · EXTRACTED FROM THE RECORDED GAME ]
Feudal
—
Castle
—
Imperial
—
| APM avg | 46.3 |
| APM peak | 177 |
| eAPM avg | 45.5 |
| Villagers / military | 399 / 1365 |
Focus
⚔️ 59.6% · 🌾 40.4%
Knight ×399 · Hand Cannoneer ×279 · Conquistador ×250 · Spearman ×234 · Trade Cart ×175 · Militia ×135
Feudal
—
Castle
—
Imperial
—
| APM avg | 21.1 |
| APM peak | 129 |
| eAPM avg | 20.5 |
| Villagers / military | 400 / 671 |
Focus
⚔️ 42.1% · 🌾 57.9%
Mangonel ×416 · Scorpion ×195 · Trade Cart ×163 · Knight ×60
Feudal
—
Castle
—
Imperial
—
| APM avg | 39.0 |
| APM peak | 95 |
| eAPM avg | 34.3 |
| Villagers / military | 286 / 771 |
Focus
⚔️ 37.5% · 🌾 62.5%
Mangonel ×270 · Camel Scout ×265 · Scout Cavalry ×210 · Trade Cart ×114 · Battering Ram ×25 · Monk ×1
Feudal
—
Castle
—
Imperial
—
| APM avg | 24.8 |
| APM peak | 54 |
| eAPM avg | 21.2 |
| Villagers / military | 216 / 940 |
Focus
⚔️ 34.1% · 🌾 65.9%
Camel Scout ×630 · Trade Cart ×175 · Armored Elephant ×150 · Bombard Cannon ×60 · Mangonel ×45 · Ghulam ×35
Feudal
—
Castle
—
Imperial
—
| APM avg | 26.7 |
| APM peak | 87 |
| eAPM avg | 24.1 |
| Villagers / military | 196 / 1064 |
Focus
⚔️ 51.4% · 🌾 48.6%
Battering Ram ×260 · Mangudai ×220 · Militia ×160 · Mangonel ×145 · Camel Scout ×110 · Steppe Lancer ×85
Feudal
—
Castle
—
Imperial
—
| APM avg | 40.3 |
| APM peak | 158 |
| eAPM avg | 32.5 |
| Villagers / military | 439 / 862 |
Focus
⚔️ 30.0% · 🌾 70.0%
Hussite Wagon ×339 · Knight ×330 · Trade Cart ×116 · Bombard Cannon ×110 · Scout Cavalry ×83
Match map
Initial resources + every placement click. Lines = walls · curves = elevation contours. ◆ gold · ⬟ stone · ● berries · ✦ relic · ◌ wall gap
Your base· ✓ Map-separated
yuzarsif's base· ✓ Map-separated
Hyde's base· ✓ Map-separated
TheBoy's base· ✓ Map-separated
SilasU's base· ✓ Map-separated
Ne[x]oN ^'s base· ✓ Map-separated
Smoothed initial terrain · ◌ = detected wall gap · hover for details
Inputs per minute
— ANCIANO - - yuzarsif
Build order — ANCIANO
First 150 of 1089 actions detected
| 0:13 | Build | Market |
| 0:17 | Build | Town Center |
| 0:18 | Build | Town Center |
| 0:18 | Build | Town Center |
| 0:32 | Create | Villager (Male) ×5 |
| 0:32 | Create | Villager (Male) ×5 |
| 0:33 | Create | Villager (Male) ×5 |
| 0:38 | Build | Town Center |
| 0:43 | Build | Town Center |
| 0:44 | Build | Town Center |
| 0:45 | Build | Town Center |
| 0:45 | Build | Town Center |
| 0:52 | Build | Town Center |
| 0:54 | Build | Town Center |
| 0:54 | Build | Town Center |
| 0:55 | Build | Town Center |
| 0:55 | Build | Town Center |
| 0:55 | Build | Town Center |
| 0:55 | Build | Town Center |
| 0:55 | Build | Town Center |
| 0:56 | Build | Town Center |
| 0:56 | Build | Town Center |
| 1:08 | Build | Town Center |
| 1:10 | Build | Town Center |
| 1:11 | Build | Town Center |
| 1:12 | Build | Town Center |
| 1:12 | Build | Town Center |
| 1:17 | Build | Town Center |
| 1:19 | Build | Town Center |
| 1:25 | Build | Town Center |
| 1:30 | Build | Town Center |
| 1:45 | Build | Market |
| 1:51 | Build | Market |
| 2:02 | Build | House |
| 2:04 | Build | House |
| 2:05 | Build | House |
| 2:05 | Build | House |
| 2:05 | Build | House |
| 2:06 | Build | House |
| 2:06 | Build | House |
| 2:06 | Build | House |
| 2:06 | Build | House |
| 2:07 | Build | House |
| 2:07 | Build | House |
| 2:07 | Build | House |
| 2:08 | Build | House |
| 2:08 | Build | House |
| 2:08 | Build | House |
| 2:09 | Build | House |
| 2:10 | Build | House |
| 2:10 | Build | House |
| 2:10 | Build | House |
| 2:11 | Build | House |
| 2:11 | Build | House |
| 2:11 | Build | House |
| 2:12 | Build | House |
| 2:16 | Build | House |
| 2:16 | Build | House |
| 2:16 | Build | House |
| 2:17 | Build | House |
| 2:17 | Build | House |
| 2:17 | Build | House |
| 2:19 | Build | House |
| 2:20 | Build | House |
| 2:20 | Build | House |
| 2:20 | Build | House |
| 2:21 | Build | House |
| 2:21 | Build | House |
| 2:21 | Build | House |
| 2:22 | Build | House |
| 2:22 | Build | House |
| 2:22 | Build | House |
| 2:22 | Build | House |
| 2:23 | Build | House |
| 2:24 | Build | House |
| 2:24 | Build | House |
| 2:24 | Build | House |
| 2:24 | Build | House |
| 2:25 | Build | House |
| 2:25 | Build | House |
| 2:26 | Build | House |
| 2:26 | Build | House |
| 2:40 | Create | Villager (Male) ×5 |
| 2:40 | Create | Villager (Male) ×5 |
| 2:41 | Create | Villager (Male) ×5 |
| 2:41 | Create | Villager (Male) ×5 |
| 2:41 | Create | Villager (Male) ×5 |
| 2:41 | Create | Villager (Male) ×5 |
| 2:42 | Create | Villager (Male) ×5 |
| 2:42 | Create | Villager (Male) ×5 |
| 2:47 | Build | Town Center |
| 2:49 | Build | Town Center |
| 2:53 | Build | Town Center |
| 2:55 | Build | Town Center |
| 3:13 | Build | Town Center |
| 3:16 | Build | Town Center |
| 3:20 | Build | Town Center |
| 3:25 | Build | Town Center |
| 3:36 | Build | Market |
| 3:40 | Build | Market |
| 3:42 | Build | Market |
| 3:45 | Build | Market |
| 3:47 | Build | Market |
| 3:50 | Build | Market |
| 3:52 | Build | Market |
| 3:59 | Build | Market |
| 4:01 | Build | Market |
| 4:06 | Build | Market |
| 4:12 | Build | Market |
| 4:15 | Build | Market |
| 4:26 | Create | Villager (Male) |
| 4:27 | Create | Villager (Male) ×5 |
| 4:27 | Create | Villager (Male) ×5 |
| 4:27 | Create | Villager (Male) ×5 |
| 4:27 | Create | Villager (Male) ×5 |
| 4:28 | Create | Villager (Male) ×5 |
| 4:28 | Create | Villager (Male) ×5 |
| 4:28 | Create | Villager (Male) ×5 |
| 4:28 | Create | Villager (Male) ×5 |
| 4:29 | Create | Villager (Male) ×5 |
| 4:29 | Create | Villager (Male) ×5 |
| 4:29 | Create | Villager (Male) ×5 |
| 4:30 | Create | Villager (Male) ×5 |
| 4:30 | Create | Villager (Male) ×5 |
| 4:30 | Create | Villager (Male) ×5 |
| 4:30 | Create | Villager (Male) ×5 |
| 4:31 | Create | Villager (Male) ×5 |
| 4:31 | Create | Villager (Male) ×5 |
| 4:31 | Create | Villager (Male) ×5 |
| 4:58 | Create | Villager (Male) |
| 4:58 | Create | Villager (Male) |
| 4:59 | Create | Villager (Male) |
| 4:59 | Create | Villager (Male) |
| 4:59 | Create | Villager (Male) |
| 4:59 | Create | Villager (Male) |
| 5:00 | Create | Villager (Male) |
| 5:00 | Create | Villager (Male) |
| 5:00 | Create | Villager (Male) |
| 5:00 | Create | Villager (Male) |
| 5:01 | Create | Villager (Male) |
| 5:01 | Create | Villager (Male) |
| 5:01 | Create | Villager (Male) |
| 5:02 | Create | Villager (Male) |
| 5:02 | Create | Villager (Male) |
| 5:02 | Create | Villager (Male) |
| 5:03 | Create | Villager (Male) |
| 5:03 | Create | Villager (Male) |
| 5:03 | Create | Villager (Male) |
| 5:04 | Create | Villager (Male) |
| 5:04 | Create | Villager (Male) |
Build order — yuzarsif
First 150 of 594 actions detected
| 0:05 | Create | Villager (Male) ×5 |
| 0:06 | Create | Villager (Male) ×5 |
| 0:06 | Create | Villager (Male) ×5 |
| 0:06 | Create | Villager (Male) ×5 |
| 0:15 | Build | Town Center |
| 0:19 | Build | Town Center |
| 0:23 | Build | Town Center |
| 0:27 | Build | Town Center |
| 0:40 | Build | Market |
| 0:41 | Build | Market |
| 0:43 | Build | Market |
| 1:21 | Create | Villager (Male) ×5 |
| 1:22 | Create | Villager (Male) ×5 |
| 1:22 | Create | Villager (Male) ×5 |
| 1:22 | Create | Villager (Male) ×5 |
| 1:31 | Create | Villager (Male) ×5 |
| 1:32 | Create | Villager (Male) ×5 |
| 1:32 | Create | Villager (Male) ×5 |
| 1:32 | Create | Villager (Male) ×5 |
| 1:36 | Create | Villager (Male) ×5 |
| 1:37 | Create | Villager (Male) ×5 |
| 1:37 | Create | Villager (Male) ×5 |
| 1:37 | Create | Villager (Male) ×5 |
| 1:41 | Create | Villager (Male) ×5 |
| 1:42 | Create | Villager (Male) ×5 |
| 1:42 | Create | Villager (Male) ×5 |
| 1:42 | Create | Villager (Male) ×5 |
| 1:47 | Build | Town Center |
| 1:58 | Build | Town Center |
| 2:08 | Build | Town Center |
| 2:15 | Build | House |
| 2:15 | Build | House |
| 2:15 | Build | House |
| 2:16 | Build | House |
| 2:16 | Build | House |
| 2:17 | Build | House |
| 2:17 | Build | House |
| 2:17 | Build | House |
| 2:17 | Build | House |
| 2:18 | Build | House |
| 2:18 | Build | House |
| 2:19 | Build | House |
| 2:19 | Build | House |
| 2:19 | Build | House |
| 2:20 | Build | House |
| 2:20 | Build | House |
| 2:31 | Build | House |
| 2:31 | Build | House |
| 2:32 | Build | House |
| 2:32 | Build | House |
| 2:33 | Build | House |
| 2:33 | Build | House |
| 2:34 | Build | House |
| 2:34 | Build | House |
| 2:35 | Build | House |
| 2:35 | Build | House |
| 2:36 | Build | House |
| 2:37 | Build | House |
| 2:37 | Build | House |
| 2:37 | Build | House |
| 2:54 | Build | House |
| 2:55 | Build | House |
| 2:55 | Build | House |
| 2:56 | Build | House |
| 2:56 | Build | House |
| 2:57 | Build | House |
| 2:58 | Build | House |
| 2:59 | Build | House |
| 2:59 | Build | House |
| 3:00 | Build | House |
| 3:00 | Build | House |
| 3:04 | Build | House |
| 3:05 | Build | House |
| 3:05 | Build | House |
| 3:06 | Build | House |
| 3:07 | Build | House |
| 3:07 | Build | House |
| 3:08 | Build | House |
| 3:09 | Build | House |
| 3:09 | Build | House |
| 3:10 | Build | House |
| 3:10 | Build | House |
| 3:12 | Build | House |
| 3:18 | Create | Villager (Male) ×5 |
| 3:18 | Create | Villager (Male) ×5 |
| 3:18 | Create | Villager (Male) ×5 |
| 3:19 | Create | Villager (Male) ×5 |
| 4:10 | Create | Trade Cart |
| 4:11 | Create | Trade Cart |
| 4:19 | Create | Trade Cart ×5 |
| 4:19 | Create | Trade Cart ×5 |
| 4:20 | Create | Trade Cart ×5 |
| 4:20 | Create | Trade Cart ×5 |
| 4:20 | Create | Trade Cart ×5 |
| 4:21 | Create | Trade Cart ×5 |
| 4:21 | Create | Trade Cart ×5 |
| 4:21 | Create | Trade Cart ×5 |
| 4:22 | Create | Trade Cart ×3 |
| 4:22 | Create | Trade Cart ×3 |
| 4:33 | Build | Town Center |
| 4:44 | Build | Market |
| 4:46 | Build | Market |
| 4:47 | Build | Market |
| 4:49 | Build | Market |
| 4:51 | Build | Market |
| 4:52 | Build | Market |
| 4:53 | Build | Market |
| 4:55 | Build | Market |
| 4:56 | Build | Market |
| 4:58 | Build | Market |
| 5:02 | Create | Villager (Male) ×5 |
| 5:02 | Create | Villager (Male) ×5 |
| 5:03 | Create | Villager (Male) ×5 |
| 5:03 | Create | Villager (Male) ×5 |
| 5:17 | Build | House |
| 5:17 | Build | House |
| 5:17 | Build | House |
| 5:18 | Build | House |
| 5:18 | Build | House |
| 5:19 | Build | House |
| 5:20 | Build | House |
| 5:20 | Build | House |
| 5:21 | Build | House |
| 5:22 | Build | House |
| 5:23 | Build | House |
| 5:23 | Build | House |
| 5:24 | Build | House |
| 5:28 | Create | Villager (Male) ×5 |
| 5:29 | Create | Villager (Male) ×5 |
| 5:29 | Create | Villager (Male) ×5 |
| 5:29 | Create | Villager (Male) ×5 |
| 5:33 | Build | Town Center |
| 5:36 | Create | Villager (Male) ×5 |
| 5:36 | Create | Villager (Male) ×5 |
| 5:37 | Create | Villager (Male) ×5 |
| 5:49 | Build | House |
| 5:50 | Build | House |
| 5:51 | Build | House |
| 5:53 | Build | House |
| 5:54 | Build | House |
| 5:55 | Build | House |
| 5:56 | Build | House |
| 5:57 | Build | House |
| 6:00 | Build | House |
| 6:01 | Build | House |
| 6:02 | Build | House |
| 6:03 | Build | House |
| 6:04 | Build | House |
| 6:05 | Build | House |
| 6:07 | Build | House |
Build order — Hyde
First 150 of 676 actions detected
| 0:07 | Build | Town Center |
| 0:14 | Build | Town Center |
| 0:15 | Create | Villager (Male) |
| 0:15 | Create | Villager (Male) |
| 0:15 | Create | Villager (Male) |
| 0:16 | Create | Villager (Male) |
| 0:19 | Build | Town Center |
| 0:44 | Build | Castle |
| 0:46 | Build | Castle |
| 0:48 | Build | Castle |
| 0:49 | Build | Castle |
| 0:50 | Create | Villager (Male) |
| 0:51 | Create | Villager (Male) |
| 0:51 | Create | Villager (Male) |
| 0:51 | Create | Villager (Male) |
| 0:52 | Create | Villager (Male) |
| 0:52 | Create | Villager (Male) |
| 0:52 | Create | Villager (Male) |
| 0:53 | Create | Villager (Male) |
| 0:53 | Create | Villager (Male) |
| 0:54 | Create | Villager (Male) |
| 0:54 | Create | Villager (Male) |
| 0:54 | Create | Villager (Male) |
| 0:55 | Create | Villager (Male) |
| 0:55 | Create | Villager (Male) |
| 1:04 | Build | Town Center |
| 1:05 | Build | Town Center |
| 1:08 | Create | Villager (Male) |
| 1:09 | Create | Villager (Male) |
| 1:13 | Create | Villager (Male) |
| 1:13 | Create | Villager (Male) |
| 1:14 | Create | Villager (Male) |
| 1:21 | Build | Mining Camp |
| 1:29 | Build | Stable |
| 1:33 | Build | Siege Workshop |
| 1:38 | Create | Villager (Male) |
| 1:38 | Create | Villager (Male) |
| 1:38 | Create | Villager (Male) |
| 1:39 | Create | Villager (Male) |
| 1:39 | Create | Villager (Male) |
| 1:40 | Create | Villager (Male) |
| 1:41 | Create | Villager (Male) |
| 1:41 | Create | Villager (Male) |
| 1:41 | Create | Villager (Male) |
| 1:42 | Create | Villager (Male) |
| 1:43 | Create | Villager (Male) |
| 1:43 | Create | Villager (Male) |
| 1:43 | Create | Villager (Male) |
| 1:44 | Create | Villager (Male) |
| 1:44 | Create | Villager (Male) |
| 1:44 | Create | Villager (Male) |
| 1:46 | Create | Villager (Male) ×4 |
| 1:47 | Create | Villager (Male) ×4 |
| 1:47 | Create | Villager (Male) |
| 1:48 | Create | Villager (Male) ×5 |
| 1:48 | Create | Villager (Male) ×5 |
| 1:49 | Create | Villager (Male) ×5 |
| 1:49 | Create | Villager (Male) ×5 |
| 1:49 | Create | Villager (Male) ×5 |
| 1:49 | Create | Villager (Male) ×5 |
| 1:50 | Create | Villager (Male) ×5 |
| 1:50 | Create | Villager (Male) ×5 |
| 1:50 | Create | Villager (Male) ×5 |
| 1:51 | Create | Villager (Male) ×5 |
| 1:51 | Create | Villager (Male) ×5 |
| 2:04 | Create | Villager (Male) |
| 2:04 | Create | Villager (Male) |
| 2:05 | Create | Villager (Male) |
| 2:06 | Create | Villager (Male) |
| 2:11 | Create | Villager (Male) |
| 2:22 | Build | Market |
| 2:29 | Build | Market |
| 2:30 | Build | Market |
| 2:32 | Create | Villager (Male) |
| 2:32 | Create | Villager (Male) |
| 2:32 | Create | Villager (Male) |
| 2:33 | Create | Villager (Male) |
| 2:45 | Build | Town Center |
| 2:47 | Build | Town Center |
| 2:48 | Build | Town Center |
| 2:49 | Build | Town Center |
| 2:50 | Build | Town Center |
| 2:52 | Build | Town Center |
| 2:55 | Create | Villager (Male) |
| 2:56 | Create | Villager (Male) |
| 2:56 | Create | Villager (Male) |
| 2:56 | Create | Villager (Male) |
| 2:57 | Create | Villager (Male) |
| 2:57 | Create | Villager (Male) |
| 3:11 | Build | Siege Workshop |
| 3:14 | Build | Siege Workshop |
| 3:15 | Build | Siege Workshop |
| 3:17 | Build | Siege Workshop |
| 3:21 | Build | Siege Workshop |
| 3:23 | Build | Siege Workshop |
| 3:25 | Build | Siege Workshop |
| 3:30 | Build | Stable |
| 3:31 | Build | Stable |
| 3:32 | Build | Stable |
| 3:37 | Create | Villager (Male) ×5 |
| 3:37 | Create | Villager (Male) ×5 |
| 3:38 | Create | Villager (Male) ×5 |
| 3:38 | Create | Villager (Male) ×5 |
| 3:38 | Create | Villager (Male) ×5 |
| 3:39 | Create | Villager (Male) ×5 |
| 3:39 | Create | Villager (Male) ×5 |
| 3:45 | Create | Villager (Male) |
| 3:46 | Create | Villager (Male) |
| 3:46 | Create | Villager (Male) |
| 3:46 | Create | Villager (Male) |
| 3:59 | Build | Castle |
| 4:00 | Build | Castle |
| 4:02 | Build | Castle |
| 4:03 | Build | Castle |
| 4:05 | Build | Castle |
| 4:10 | Create | Villager (Male) |
| 4:10 | Create | Villager (Male) |
| 4:11 | Create | Villager (Male) |
| 4:11 | Create | Villager (Male) |
| 4:11 | Create | Villager (Male) |
| 4:28 | Build | Mining Camp |
| 4:33 | Create | Mangonel |
| 4:50 | Create | Mangonel |
| 4:51 | Create | Mangonel |
| 4:51 | Create | Mangonel |
| 4:51 | Create | Mangonel |
| 5:07 | Build | House |
| 5:08 | Build | House |
| 5:09 | Build | House |
| 5:11 | Build | House |
| 5:12 | Build | House |
| 5:13 | Build | House |
| 5:14 | Build | House |
| 5:15 | Build | House |
| 5:15 | Build | House |
| 5:16 | Create | Villager (Male) |
| 5:16 | Create | Villager (Male) |
| 5:16 | Create | Villager (Male) |
| 5:17 | Create | Villager (Male) |
| 5:18 | Create | Villager (Male) ×5 |
| 5:18 | Create | Villager (Male) ×5 |
| 5:19 | Create | Villager (Male) ×5 |
| 5:19 | Create | Villager (Male) ×5 |
| 5:19 | Create | Villager (Male) ×5 |
| 5:20 | Create | Villager (Male) ×5 |
| 5:20 | Create | Villager (Male) ×5 |
| 5:20 | Create | Villager (Male) ×5 |
| 5:21 | Create | Villager (Male) ×5 |
| 5:21 | Create | Villager (Male) ×5 |
| 5:21 | Create | Villager (Male) ×5 |
Build order — TheBoy
First 150 of 644 actions detected
| 0:05 | Build | Town Center |
| 0:07 | Build | Town Center |
| 0:08 | Build | Town Center |
| 0:10 | Build | Town Center |
| 0:11 | Build | Town Center |
| 0:13 | Build | Town Center |
| 0:15 | Build | Town Center |
| 0:16 | Build | Town Center |
| 0:23 | Create | Villager (Male) |
| 0:24 | Create | Villager (Male) |
| 0:24 | Create | Villager (Male) |
| 0:24 | Create | Villager (Male) |
| 0:35 | Build | House |
| 0:36 | Build | House |
| 0:37 | Build | House |
| 0:45 | Create | Villager (Male) |
| 0:45 | Create | Villager (Male) |
| 0:45 | Create | Villager (Male) |
| 0:57 | Build | House |
| 0:58 | Build | House |
| 0:59 | Build | House |
| 1:00 | Build | House |
| 1:01 | Build | House |
| 1:02 | Build | House |
| 1:03 | Build | House |
| 1:05 | Build | House |
| 1:06 | Build | House |
| 1:07 | Build | House |
| 1:11 | Create | Villager (Male) |
| 1:11 | Create | Villager (Male) |
| 1:11 | Create | Villager (Male) |
| 1:12 | Create | Villager (Male) |
| 1:14 | Create | Villager (Male) |
| 1:15 | Create | Villager (Male) |
| 1:39 | Build | Market |
| 1:40 | Build | Market |
| 1:41 | Build | Market |
| 1:44 | Create | Villager (Male) |
| 1:44 | Create | Villager (Male) |
| 1:44 | Create | Villager (Male) |
| 1:44 | Create | Villager (Male) |
| 1:53 | Create | Villager (Male) |
| 1:53 | Create | Villager (Male) |
| 1:53 | Create | Villager (Male) |
| 1:53 | Create | Villager (Male) |
| 2:02 | Build | House |
| 2:02 | Build | House |
| 2:03 | Build | House |
| 2:04 | Build | House |
| 2:05 | Build | House |
| 2:06 | Build | House |
| 2:07 | Build | House |
| 2:12 | Build | Town Center |
| 2:13 | Build | Town Center |
| 2:15 | Build | Town Center |
| 2:19 | Create | Villager (Male) |
| 2:19 | Create | Villager (Male) |
| 2:20 | Create | Villager (Male) |
| 2:32 | Create | Villager (Male) |
| 2:32 | Create | Villager (Male) |
| 2:32 | Create | Villager (Male) |
| 2:32 | Create | Villager (Male) |
| 2:37 | Create | Villager (Male) |
| 2:37 | Create | Villager (Male) |
| 2:51 | Build | Town Center |
| 2:53 | Build | Town Center |
| 3:02 | Create | Villager (Male) |
| 3:02 | Create | Villager (Male) |
| 3:02 | Create | Villager (Male) |
| 3:03 | Create | Villager (Male) |
| 3:03 | Create | Villager (Male) |
| 3:15 | Build | Market |
| 3:16 | Build | Market |
| 3:18 | Build | Market |
| 3:21 | Build | Market |
| 3:24 | Create | Villager (Male) |
| 3:24 | Create | Villager (Male) |
| 3:25 | Create | Villager (Male) |
| 3:25 | Create | Villager (Male) |
| 3:32 | Create | Villager (Male) |
| 3:32 | Create | Villager (Male) |
| 3:32 | Create | Villager (Male) |
| 3:32 | Create | Villager (Male) |
| 3:38 | Build | Town Center |
| 3:39 | Build | Town Center |
| 3:40 | Build | Town Center |
| 3:46 | Create | Villager (Male) |
| 3:46 | Create | Villager (Male) |
| 3:46 | Create | Villager (Male) |
| 3:51 | Build | Town Center |
| 3:52 | Build | Town Center |
| 3:59 | Build | Lumber Camp |
| 4:05 | Create | Villager (Male) |
| 4:05 | Create | Villager (Male) |
| 4:05 | Create | Villager (Male) |
| 4:10 | Build | House |
| 4:11 | Build | House |
| 4:12 | Build | House |
| 4:13 | Build | House |
| 4:14 | Build | House |
| 4:15 | Build | House |
| 4:16 | Build | House |
| 4:19 | Create | Villager (Male) |
| 4:19 | Create | Villager (Male) |
| 4:19 | Create | Villager (Male) |
| 4:20 | Create | Villager (Male) |
| 4:20 | Create | Villager (Male) |
| 4:20 | Create | Villager (Male) |
| 4:20 | Create | Villager (Male) |
| 4:21 | Create | Villager (Male) |
| 4:21 | Create | Villager (Male) |
| 4:21 | Create | Villager (Male) |
| 4:21 | Create | Villager (Male) |
| 4:28 | Build | Town Center |
| 4:47 | Create | Trade Cart ×5 |
| 4:47 | Create | Trade Cart ×5 |
| 4:47 | Create | Trade Cart ×5 |
| 4:47 | Create | Trade Cart ×5 |
| 4:48 | Create | Trade Cart ×5 |
| 4:49 | Create | Villager (Male) ×5 |
| 4:49 | Create | Villager (Male) ×5 |
| 4:50 | Create | Villager (Male) ×5 |
| 4:57 | Build | Market |
| 4:58 | Build | Market |
| 5:04 | Build | Lumber Camp |
| 5:07 | Create | Villager (Male) |
| 5:07 | Create | Villager (Male) |
| 5:10 | Build | Lumber Camp |
| 5:23 | Create | Villager (Male) |
| 5:23 | Create | Villager (Male) |
| 5:23 | Create | Villager (Male) |
| 5:24 | Create | Villager (Male) |
| 5:28 | Build | House |
| 5:29 | Build | House |
| 5:29 | Build | House |
| 5:30 | Build | House |
| 5:31 | Build | House |
| 5:32 | Build | House |
| 5:33 | Build | House |
| 5:39 | Build | Lumber Camp |
| 5:47 | Create | Villager (Male) ×5 |
| 5:47 | Create | Villager (Male) ×5 |
| 5:59 | Build | Market |
| 6:00 | Build | Market |
| 6:02 | Build | Market |
| 6:05 | Build | Market |
| 6:15 | Create | Trade Cart ×5 |
| 6:15 | Create | Trade Cart ×5 |
| 6:17 | Create | Villager (Male) ×5 |
| 6:17 | Create | Villager (Male) ×5 |
Build order — SilasU
First 150 of 583 actions detected
| 0:06 | Create | Villager (Male) ×5 |
| 0:06 | Create | Villager (Male) ×5 |
| 0:10 | Build | Town Center |
| 0:11 | Build | Town Center |
| 0:13 | Build | Town Center |
| 0:16 | Build | Town Center |
| 0:18 | Build | Town Center |
| 0:19 | Build | Town Center |
| 0:21 | Build | Town Center |
| 0:32 | Build | Market |
| 0:35 | Build | Market |
| 0:38 | Build | Market |
| 0:39 | Build | Market |
| 0:42 | Build | Market |
| 0:44 | Build | Market |
| 0:52 | Create | Villager (Male) ×5 |
| 0:52 | Create | Villager (Male) ×5 |
| 0:52 | Create | Villager (Male) ×5 |
| 1:02 | Build | Monastery |
| 1:06 | Build | House |
| 1:08 | Build | House |
| 1:09 | Build | House |
| 1:10 | Build | House |
| 1:10 | Build | House |
| 1:11 | Build | House |
| 1:12 | Build | House |
| 1:13 | Build | House |
| 1:14 | Build | House |
| 1:16 | Build | House |
| 1:19 | Create | Villager (Male) |
| 1:19 | Create | Villager (Male) |
| 1:19 | Create | Villager (Male) |
| 1:20 | Create | Villager (Male) |
| 1:20 | Create | Villager (Male) |
| 1:21 | Create | Villager (Male) |
| 1:30 | Build | Castle |
| 1:32 | Build | Castle |
| 1:43 | Create | Villager (Male) ×5 |
| 1:43 | Create | Villager (Male) ×5 |
| 1:44 | Create | Villager (Male) ×5 |
| 1:44 | Create | Villager (Male) ×5 |
| 1:44 | Create | Villager (Male) ×5 |
| 1:55 | Build | Town Center |
| 1:56 | Build | Town Center |
| 1:57 | Build | Town Center |
| 2:04 | Create | Villager (Male) |
| 2:04 | Create | Villager (Male) |
| 2:05 | Create | Villager (Male) |
| 2:05 | Create | Villager (Male) |
| 2:05 | Create | Villager (Male) |
| 2:15 | Create | Monk |
| 2:18 | Build | Mining Camp |
| 2:19 | Create | Villager (Male) |
| 2:19 | Create | Villager (Male) |
| 2:20 | Create | Villager (Male) |
| 2:20 | Create | Villager (Male) |
| 2:21 | Create | Villager (Male) |
| 2:21 | Create | Villager (Male) |
| 2:22 | Create | Villager (Male) |
| 2:22 | Create | Villager (Male) |
| 2:22 | Create | Villager (Male) |
| 2:46 | Create | Villager (Male) ×5 |
| 2:46 | Create | Villager (Male) ×5 |
| 2:54 | Build | Siege Workshop |
| 2:55 | Build | Siege Workshop |
| 2:56 | Build | Siege Workshop |
| 2:57 | Build | Siege Workshop |
| 3:00 | Build | Siege Workshop |
| 3:01 | Build | Siege Workshop |
| 3:03 | Build | Siege Workshop |
| 3:05 | Build | Siege Workshop |
| 3:06 | Build | Siege Workshop |
| 3:10 | Build | Lumber Camp |
| 3:16 | Create | Villager (Male) ×5 |
| 3:17 | Create | Villager (Male) ×5 |
| 3:17 | Create | Villager (Male) ×5 |
| 3:17 | Create | Villager (Male) ×5 |
| 3:38 | Build | Stone Wall |
| 3:43 | Create | Villager (Male) |
| 3:43 | Create | Villager (Male) |
| 3:44 | Create | Villager (Male) |
| 3:44 | Create | Villager (Male) |
| 3:44 | Create | Villager (Male) |
| 3:45 | Create | Villager (Male) |
| 3:53 | Build | Mining Camp |
| 4:02 | Create | Battering Ram ×5 |
| 4:06 | Create | Mangonel ×5 |
| 4:23 | Create | Villager (Male) ×5 |
| 4:23 | Create | Villager (Male) ×5 |
| 4:23 | Create | Villager (Male) ×5 |
| 4:34 | Create | Trade Cart ×5 |
| 4:35 | Create | Trade Cart ×5 |
| 4:35 | Create | Trade Cart ×5 |
| 4:35 | Create | Trade Cart ×5 |
| 4:35 | Create | Trade Cart ×5 |
| 4:36 | Create | Trade Cart ×5 |
| 4:44 | Build | Mining Camp |
| 4:50 | Build | Lumber Camp |
| 5:04 | Build | Gate |
| 5:05 | Build | Gate |
| 5:13 | Build | Stone Wall |
| 5:19 | Create | Mangudai ×5 |
| 5:24 | Create | Mangonel ×5 |
| 5:25 | Create | Battering Ram ×5 |
| 5:32 | Create | Villager (Male) ×5 |
| 5:32 | Create | Villager (Male) ×5 |
| 5:35 | Build | House |
| 5:36 | Build | House |
| 5:37 | Build | House |
| 5:38 | Build | House |
| 5:39 | Build | House |
| 5:40 | Build | House |
| 5:41 | Build | House |
| 5:43 | Build | House |
| 5:44 | Build | House |
| 5:45 | Build | House |
| 5:46 | Build | House |
| 5:47 | Build | House |
| 5:54 | Build | Mining Camp |
| 5:58 | Build | House |
| 6:05 | Build | House |
| 6:06 | Build | House |
| 6:07 | Build | House |
| 6:07 | Build | House |
| 6:08 | Build | House |
| 6:09 | Build | House |
| 6:10 | Build | House |
| 6:11 | Build | House |
| 6:12 | Build | House |
| 6:13 | Build | House |
| 6:13 | Build | House |
| 6:14 | Build | House |
| 6:15 | Build | House |
| 6:16 | Build | House |
| 6:17 | Build | House |
| 6:20 | Build | Lumber Camp |
| 6:24 | Create | Villager (Male) ×5 |
| 6:24 | Create | Villager (Male) ×5 |
| 6:29 | Create | Trade Cart ×5 |
| 6:37 | Build | Lumber Camp |
| 6:44 | Build | Castle |
| 6:47 | Build | Castle |
| 7:07 | Create | Battering Ram ×5 |
| 7:08 | Create | Battering Ram ×5 |
| 7:08 | Create | Battering Ram ×5 |
| 7:08 | Create | Battering Ram ×5 |
| 7:12 | Create | Mangonel ×5 |
| 7:18 | Build | Outpost |
| 7:20 | Build | Outpost |
| 7:22 | Build | Outpost |
Build order — Ne[x]oN ^
First 150 of 700 actions detected
| 0:05 | Create | Villager (Male) ×5 |
| 0:05 | Create | Villager (Male) ×5 |
| 0:05 | Create | Villager (Male) ×5 |
| 0:06 | Create | Villager (Male) ×5 |
| 0:15 | Build | Town Center |
| 0:16 | Build | Town Center |
| 0:16 | Build | Town Center |
| 0:17 | Build | Town Center |
| 0:17 | Build | Town Center |
| 0:19 | Build | Town Center |
| 0:19 | Build | Town Center |
| 0:20 | Build | Town Center |
| 0:20 | Build | Town Center |
| 0:20 | Build | Town Center |
| 0:21 | Build | Town Center |
| 0:21 | Build | Town Center |
| 0:21 | Build | Town Center |
| 0:21 | Build | Town Center |
| 0:22 | Build | Town Center |
| 0:22 | Build | Town Center |
| 0:54 | Build | House |
| 0:54 | Build | House |
| 0:54 | Build | House |
| 0:55 | Build | House |
| 0:55 | Build | House |
| 0:55 | Build | House |
| 0:55 | Build | House |
| 0:56 | Build | House |
| 0:56 | Build | House |
| 0:56 | Build | House |
| 0:56 | Build | House |
| 0:57 | Build | House |
| 0:57 | Build | House |
| 0:57 | Build | House |
| 0:57 | Build | House |
| 1:00 | Build | House |
| 1:00 | Build | House |
| 1:01 | Build | House |
| 1:01 | Build | House |
| 1:01 | Build | House |
| 1:01 | Build | House |
| 1:02 | Build | House |
| 1:02 | Build | House |
| 1:02 | Build | House |
| 1:02 | Build | House |
| 1:03 | Build | House |
| 1:03 | Build | House |
| 1:03 | Build | House |
| 1:06 | Build | House |
| 1:06 | Build | House |
| 1:07 | Build | House |
| 1:07 | Build | House |
| 1:07 | Build | House |
| 1:07 | Build | House |
| 1:08 | Build | House |
| 1:08 | Build | House |
| 1:08 | Build | House |
| 1:08 | Build | House |
| 1:09 | Build | House |
| 1:09 | Build | House |
| 1:11 | Build | House |
| 1:11 | Build | House |
| 1:12 | Build | House |
| 1:12 | Build | House |
| 1:12 | Build | House |
| 1:34 | Create | Villager (Male) ×5 |
| 1:35 | Create | Villager (Male) ×5 |
| 1:35 | Create | Villager (Male) ×5 |
| 1:35 | Create | Villager (Male) ×5 |
| 1:35 | Create | Villager (Male) ×5 |
| 1:36 | Create | Villager (Male) ×5 |
| 1:36 | Create | Villager (Male) ×5 |
| 1:36 | Create | Villager (Male) ×5 |
| 1:37 | Create | Villager (Male) ×5 |
| 1:44 | Create | Villager (Male) ×3 |
| 1:45 | Create | Villager (Male) ×3 |
| 1:45 | Create | Villager (Male) |
| 1:45 | Create | Villager (Male) |
| 1:53 | Create | Villager (Male) ×5 |
| 1:53 | Create | Villager (Male) ×5 |
| 2:12 | Create | Villager (Male) ×5 |
| 2:12 | Create | Villager (Male) ×5 |
| 2:13 | Create | Villager (Male) ×5 |
| 2:13 | Create | Villager (Male) ×5 |
| 2:13 | Create | Villager (Male) ×5 |
| 2:13 | Create | Villager (Male) ×5 |
| 2:14 | Create | Villager (Male) ×5 |
| 2:14 | Create | Villager (Male) ×5 |
| 2:14 | Create | Villager (Male) ×5 |
| 2:15 | Create | Villager (Male) ×5 |
| 2:15 | Create | Villager (Male) ×5 |
| 2:22 | Build | Lumber Camp |
| 2:26 | Build | Lumber Camp |
| 2:30 | Build | Lumber Camp |
| 2:39 | Create | Villager (Male) ×5 |
| 2:40 | Create | Villager (Male) ×5 |
| 2:40 | Create | Villager (Male) ×5 |
| 2:40 | Create | Villager (Male) ×5 |
| 2:41 | Create | Villager (Male) ×5 |
| 2:43 | Create | Villager (Male) ×2 |
| 2:44 | Create | Villager (Male) ×2 |
| 3:08 | Create | Villager (Male) ×5 |
| 3:09 | Create | Villager (Male) ×5 |
| 3:09 | Create | Villager (Male) ×5 |
| 3:09 | Create | Villager (Male) ×5 |
| 3:10 | Create | Villager (Male) ×5 |
| 3:10 | Create | Villager (Male) ×5 |
| 3:10 | Create | Villager (Male) ×5 |
| 3:10 | Create | Villager (Male) ×5 |
| 3:11 | Create | Villager (Male) ×5 |
| 3:11 | Create | Villager (Male) ×2 |
| 3:11 | Create | Villager (Male) ×2 |
| 3:14 | Create | Villager (Male) ×2 |
| 3:14 | Create | Villager (Male) ×2 |
| 3:34 | Build | Market |
| 3:36 | Build | Market |
| 3:39 | Build | Market |
| 3:42 | Build | Market |
| 3:58 | Create | Villager (Male) ×5 |
| 3:58 | Create | Villager (Male) ×5 |
| 3:59 | Create | Villager (Male) ×5 |
| 3:59 | Create | Villager (Male) ×5 |
| 3:59 | Create | Villager (Male) ×5 |
| 4:02 | Create | Villager (Male) ×5 |
| 4:02 | Create | Villager (Male) ×5 |
| 4:02 | Create | Villager (Male) ×5 |
| 4:03 | Create | Villager (Male) ×5 |
| 4:03 | Create | Villager (Male) ×5 |
| 4:03 | Create | Villager (Male) ×5 |
| 4:04 | Create | Villager (Male) ×5 |
| 4:05 | Create | Villager (Male) ×5 |
| 4:05 | Create | Villager (Male) ×5 |
| 4:05 | Create | Villager (Male) ×5 |
| 4:06 | Create | Villager (Male) ×5 |
| 4:06 | Create | Villager (Male) ×2 |
| 4:06 | Create | Villager (Male) ×2 |
| 5:32 | Build | Stone Wall |
| 5:42 | Create | Villager (Male) ×5 |
| 5:43 | Create | Villager (Male) ×5 |
| 5:43 | Create | Villager (Male) ×5 |
| 5:43 | Create | Villager (Male) ×5 |
| 5:44 | Create | Villager (Male) ×5 |
| 5:44 | Create | Villager (Male) ×5 |
| 5:44 | Create | Villager (Male) ×5 |
| 5:45 | Create | Villager (Male) ×5 |
| 5:45 | Create | Villager (Male) ×5 |
| 5:45 | Create | Villager (Male) ×5 |
| 5:46 | Create | Villager (Male) ×5 |
| 5:46 | Create | Villager (Male) ×2 |
| 5:52 | Create | Trade Cart ×5 |
Match timeline
| 0:26 | ANCIANO · first_market_buy 500 stone |
| 0:44 | Hyde · first_building Castle |
| 1:02 | SilasU · first_building Monastery |
| 1:29 | Hyde · first_building Stable |
| 1:30 | SilasU · first_building Castle |
| 1:33 | Hyde · first_building Siege Workshop |
| 2:54 | SilasU · first_building Siege Workshop |
| 3:38 | SilasU · wall_segment Stone Wall x63 |
| 5:13 | SilasU · wall_segment Stone Wall x14 |
| 5:32 | Ne[x]oN ^ · wall_segment Stone Wall x55 |
| 7:30 | Hyde · first_building Monastery |
| 7:44 | Hyde · first_building Archery Range |
| 7:50 | Hyde · first_building Barracks |
| 7:53 | Ne[x]oN ^ · wall_segment Stone Wall x18 |
| 7:57 | ANCIANO · first_building Castle |
| 8:11 | SilasU · wall_segment Stone Wall x18 |
| 9:30 | Ne[x]oN ^ · wall_segment Stone Wall x9 |
| 9:40 | ANCIANO · wall_segment Stone Wall x33 |
| 9:45 | ANCIANO · wall_segment Stone Wall x33 |
| 9:47 | SilasU · first_building Barracks |
| 9:59 | SilasU · first_building Stable |
| 10:02 | Ne[x]oN ^ · wall_segment Stone Wall x47 |
| 10:19 | SilasU · wall_segment Stone Wall x20 |
| 10:41 | Hyde · first_market_buy 100 stone |
| 10:44 | SilasU · wall_segment Stone Wall x15 |
| 11:02 | Ne[x]oN ^ · wall_segment Stone Wall x24 |
| 11:38 | TheBoy · first_market_buy 500 stone |
| 13:03 | SilasU · wall_segment Stone Wall x13 |
| 13:06 | ANCIANO · wall_segment Stone Wall x56 |
| 13:16 | ANCIANO · first_building Siege Workshop |
| 13:52 | yuzarsif · first_building Siege Workshop |
| 14:20 | SilasU · wall_segment Stone Wall x28 |
| 14:25 | Hyde · wall_segment Stone Wall x47 |
| 14:33 | Ne[x]oN ^ · wall_segment Stone Wall x10 |
| 15:06 | SilasU · wall_segment Stone Wall x38 |
| 15:19 | ANCIANO · first_building Stable |
| 15:57 | Hyde · wall_segment Stone Wall x17 |
| 16:13 | Ne[x]oN ^ · wall_segment Stone Wall x42 |
| 16:22 | ANCIANO · wall_segment Stone Wall x57 |
| 16:27 | yuzarsif · first_building Castle |
| 16:34 | SilasU · wall_segment Stone Wall x15 |
| 16:45 | ANCIANO · wall_segment Stone Wall x26 |
| 17:06 | ANCIANO · wall_segment Stone Wall x31 |
| 17:10 | ANCIANO · wall_segment Stone Wall x20 |
| 17:31 | Hyde · wall_segment Stone Wall x28 |
| 17:41 | TheBoy · wall_segment Stone Wall x30 |
| 17:56 | TheBoy · wall_segment Stone Wall x40 |
| 18:03 | ANCIANO · first_building Archery Range |
| 18:21 | ANCIANO · first_building Barracks |
| 18:53 | ANCIANO · wall_segment Stone Wall x62 |
| 18:58 | SilasU · first_market_sell 500 wood |
| 21:17 | TheBoy · wall_segment Stone Wall x28 |
| 21:18 | Hyde · wall_segment Stone Wall x15 |
| 21:21 | Hyde · wall_segment Stone Wall x18 |
| 21:27 | TheBoy · wall_segment Stone Wall x11 |
| 21:42 | SilasU · wall_segment Stone Wall x17 |
| 21:58 | SilasU · wall_segment Stone Wall x67 |
| 22:03 | TheBoy · wall_segment Stone Wall x28 |
| 22:07 | SilasU · wall_segment Stone Wall x25 |
| 22:11 | TheBoy · wall_segment Stone Wall x24 |
| 22:20 | Ne[x]oN ^ · first_building Castle |
| 22:26 | ANCIANO · wall_segment Stone Wall x43 |
| 22:38 | ANCIANO · wall_segment Stone Wall x39 |
| 22:40 | Hyde · wall_segment Stone Wall x9 |
| 22:58 | ANCIANO · wall_segment Stone Wall x38 |
| 23:16 | SilasU · wall_segment Stone Wall x3 |
| 23:24 | ANCIANO · wall_segment Stone Wall x2 |
| 23:29 | TheBoy · first_building Castle |
| 23:46 | SilasU · wall_segment Stone Wall x31 |
| 24:18 | TheBoy · wall_segment Stone Wall x29 |
| 24:27 | TheBoy · wall_segment Stone Wall x16 |
| 24:31 | yuzarsif · first_building Stable |
| 24:33 | TheBoy · wall_segment Stone Wall x20 |
| 24:49 | TheBoy · wall_segment Stone Wall x57 |
| 25:01 | TheBoy · first_building Stable |
| 25:49 | TheBoy · first_building Siege Workshop |
| 26:24 | SilasU · wall_segment Stone Wall x27 |
| 26:33 | SilasU · wall_segment Stone Wall x27 |
| 26:49 | SilasU · wall_segment Stone Wall x12 |
| 26:54 | TheBoy · wall_segment Stone Wall x61 |
| 27:07 | Ne[x]oN ^ · first_building Siege Workshop |
| 27:20 | SilasU · wall_segment Stone Wall x3 |
| 28:10 | TheBoy · wall_segment Stone Wall x21 |
| 28:50 | Ne[x]oN ^ · first_market_buy 500 stone |
| 29:07 | Ne[x]oN ^ · first_market_sell 500 wood |
| 29:55 | TheBoy · wall_segment Stone Wall x1 |
| 30:03 | TheBoy · wall_segment Stone Wall x44 |
| 32:43 | TheBoy · wall_segment Stone Wall x19 |
| 37:54 | Ne[x]oN ^ · first_building Stable |
| 39:07 | Hyde · resign |
[ AI ANALYSIS · 1 CREDIT ]
What really happened in this match?
Wolo.gg analyzes every decision: build order, eco, micro, common mistakes by bracket. Personalized analysis on WhatsApp or Discord in 30 seconds.
Civ guide
Spanish
Perfil
Jugador #21560521